PA
CHICAGO TULA @ GWINNETT COUNTY BLACK CATS
07/04/2029
 
TOP OF THE 1ST
Chicago Tula batting - Pitching for Gwinnett County Black Cats : LHP Ricardo Fraga
Pitching: LHP Ricardo Fraga
Batting: RHB Wes Griffith 0-0: Ball
1-0: Foul Ball, location: 2F
1-1: SINGLE (Flyball, 8LS)
Batting: RHB Santiago Valentín 0-0: Ball
1-0: Reached on error, E5 (Groundball, 56)
Wes Griffith to second
Batting: RHB Jesús Recesvinto 0-0: Called Strike
0-1: Foul Ball, location: 2F
0-2: Ball
1-2: DOUBLE (Flyball, 8RXD)
Wes Griffith scores
Santiago Valentín to third
Batting: RHB Syed Sarkar 0-0: Called Strike
0-1: Swinging Strike
0-2: Ball
1-2: Ball
2-2: Strikes out swinging
Batting: RHB Norm Chodorow 0-0: Ball
1-0: Foul Ball, location: 2F
1-1: Foul Ball, location: 2F
1-2: Strikes out swinging
Batting: LHB Benny Cooke 0-0: Foul Ball, location: 2F
0-1: Called Strike
0-2: Ball
1-2: Ball
2-2: Strikes out swinging
Top of the 1st over - 1 run, 2 hits, 1 error, 2 left on base; Chicago 1 - Gwinnett County 0
BOTTOM OF THE 1ST
Gwinnett County Black Cats batting - Pitching for Chicago Tula : RHP Andrew Prieto
Pitching: RHP Andrew Prieto
Batting: RHB Sidney Mackell 0-0: DOUBLE (Line Drive, 7LM)
Batting: LHB Ramón Vega 0-0: Swinging Strike
0-1: Called Strike
0-2: Strikes out swinging
Batting: RHB Manuel Barrios 0-0: Called Strike
Sidney Mackell steals 3rd base
0-1: Ball
1-1: Swinging Strike
1-2: Strikes out looking
Batting: LHB Víctor Sánchez 0-0: Called Strike
0-1: Ball
1-1: Swinging Strike
1-2: Ball
2-2: Strikes out swinging
Bottom of the 1st over - 0 runs, 1 hit, 0 errors, 1 left on base; Chicago 1 - Gwinnett County 0
TOP OF THE 2ND
Chicago Tula batting - Pitching for Gwinnett County Black Cats : LHP Ricardo Fraga
Batting: RHB Otton Dis 0-0: Called Strike
0-1: Ball
1-1: SINGLE (Groundball, 56) (infield hit)
Batting: SHB Augusto Trejo 0-0: Ball
1-0: Ball
2-0: Ball
3-0: Called Strike
3-1: Ground out U3 (Groundball, 3)
Otton Dis to second
Batting: RHB Jim MacRach 0-0: Called Strike
0-1: Swinging Strike
0-2: Ball
1-2: Ball
2-2: Ball
3-2: Strikes out swinging
Batting: RHB Wes Griffith 0-0: Called Strike
0-1: Foul Ball, location: 2F
0-2: SINGLE (Groundball, 34D)
Otton Dis to third
Runner from 3rd tries for Home, SAFE, no throw
Batting: RHB Santiago Valentín 0-0: Called Strike
Wes Griffith is caught stealing 2nd base
Top of the 2nd over - 1 run, 2 hits, 0 errors, 0 left on base; Chicago 2 - Gwinnett County 0
BOTTOM OF THE 2ND
Gwinnett County Black Cats batting - Pitching for Chicago Tula : RHP Andrew Prieto
Batting: RHB Luc Bartoli 0-0: Ball
1-0: Foul Ball, location: 2F
1-1: Ball
2-1: Ball
3-1: Base on Balls
Batting: RHB Chang-lit Min 0-0: Ball
1-0: Called Strike
Luc Bartoli steals 2nd base
1-1: Ground out 5-3 (Groundball, 56)
Batting: RHB Bill Wilson 0-0: Called Strike
0-1: Ball
1-1: Foul Ball, location: 2F
1-2: Strikes out swinging
Batting: LHB Marvello Obra 0-0: Called Strike
0-1: Ball
1-1: Swinging Strike
1-2: Foul Ball, location: 2F
1-2: Strikes out swinging
Bottom of the 2nd over - 0 runs, 0 hits, 0 errors, 1 left on base; Chicago 2 - Gwinnett County 0
TOP OF THE 3RD
Chicago Tula batting - Pitching for Gwinnett County Black Cats : LHP Ricardo Fraga
Batting: RHB Santiago Valentín 0-0: Called Strike
0-1: Ball
1-1: Foul Ball, location: 2F
1-2: Ground out 4-3 (Groundball, 4M)
Batting: RHB Jesús Recesvinto 0-0: SINGLE (Groundball, 4MD)
Batting: RHB Syed Sarkar 0-0: Ball
1-0: Foul Ball, location: 2F
1-1: Foul Ball, location: 2F
1-2: Grounds into double play, 6-4-3 (Groundball, 6M)
Top of the 3rd over - 0 runs, 1 hit, 0 errors, 0 left on base; Chicago 2 - Gwinnett County 0
BOTTOM OF THE 3RD
Gwinnett County Black Cats batting - Pitching for Chicago Tula : RHP Andrew Prieto
Batting: RHB Elder Sarrano 0-0: DOUBLE (Line Drive, 7LM)
Batting: RHB Sidney Mackell 0-0: Swinging Strike
0-1: Ball
1-1: Foul Ball, location: 2F
1-2: Ball
2-2: Foul Ball, location: 2F
2-2: Foul Ball, location: 2F
2-2: Ground out 4-3 (Groundball, 4D)
Elder Sarrano to third
Batting: LHB Ramón Vega 0-0: Called Strike
0-1: Ball
1-1: Called Strike
1-2: Ball
2-2: Ball
3-2: Foul Ball, location: 2F
3-2: DOUBLE (Line Drive, 7D)
Elder Sarrano scores
Batting: RHB Manuel Barrios 0-0: Called Strike
Ramón Vega steals 3rd base
0-1: Swinging Strike
0-2: Strikes out looking
Batting: LHB Víctor Sánchez 0-0: Ball
1-0: Ball
2-0: Ball
3-0: Called Strike
3-1: Base on Balls
Batting: RHB Luc Bartoli 0-0: Ball
1-0: Foul Ball, location: 2F
1-1: Ball
2-1: Reached on error, E4 (Groundball, 4)
Ramón Vega scores
Víctor Sánchez to third
Batting: RHB Chang-lit Min 0-0: Called Strike
0-1: Ball
1-1: Swinging Strike
1-2: Ball
2-2: Foul Ball, location: 2F
2-2: Foul Ball, location: 2F
2-2: Ball
3-2: Foul Ball, location: 2F
3-2: Ground out 5-3 (Groundball, 56)
Bottom of the 3rd over - 2 runs, 2 hits, 1 error, 2 left on base; Chicago 2 - Gwinnett County 2
TOP OF THE 4TH
Chicago Tula batting - Pitching for Gwinnett County Black Cats : LHP Ricardo Fraga
Batting: RHB Norm Chodorow 0-0: Ball
1-0: Called Strike
1-1: Fly out, F7 (Flyball, 78S)
Batting: LHB Benny Cooke 0-0: Ball
1-0: Called Strike
1-1: Ball
2-1: Fly out, F7 (Flyball, 7LS)
Batting: RHB Otton Dis 0-0: Foul Ball, location: 2F
0-1: Ball
1-1: Swinging Strike
1-2: Foul Ball, location: 2F
1-2: Ball
2-2: Foul Ball, location: 2F
2-2: Foul Ball, location: 2F
2-2: Strikes out swinging
Top of the 4th over - 0 runs, 0 hits, 0 errors, 0 left on base; Chicago 2 - Gwinnett County 2
BOTTOM OF THE 4TH
Gwinnett County Black Cats batting - Pitching for Chicago Tula : RHP Andrew Prieto
Batting: RHB Bill Wilson 0-0: Ball
1-0: Called Strike
1-1: Ball
2-1: Ball
3-1: Reached on error, E5 (Groundball, 5)
Batting: LHB Marvello Obra 0-0: Called Strike
0-1: Swinging Strike
0-2: Ball
1-2: Ball
2-2: SINGLE (Line Drive, 7LS)
Bill Wilson to second
Batting: RHB Elder Sarrano 0-0: Ball
1-0: Swinging Strike
1-1: Called Strike
1-2: Strikes out swinging
Batting: RHB Sidney Mackell 0-0: Ball
1-0: Foul Ball, location: 2F
1-1: Called Strike
1-2: Foul Ball, location: 2F
1-2: Ball
2-2: Ball
3-2: SINGLE (Groundball, 56) (infield hit)
Bill Wilson to third
Marvello Obra to second
Batting: LHB Ramón Vega 0-0: Called Strike
0-1: Ball
1-1: Swinging Strike
1-2: Ball
2-2: Fly out, F4 (Popup, 4)
Batting: RHB Manuel Barrios 0-0: Fly out, F8 (Flyball, 89D)
Bottom of the 4th over - 0 runs, 2 hits, 1 error, 3 left on base; Chicago 2 - Gwinnett County 2
TOP OF THE 5TH
Chicago Tula batting - Pitching for Gwinnett County Black Cats : LHP Ricardo Fraga
Batting: SHB Augusto Trejo 0-0: Called Strike
0-1: Called Strike
0-2: Fly out, F8 (Flyball, 8LD)
Batting: RHB Jim MacRach 0-0: Called Strike
0-1: Ball
1-1: Swinging Strike
1-2: Strikes out swinging
Batting: RHB Wes Griffith 0-0: Ball
1-0: Swinging Strike
1-1: Foul Ball, location: 2F
1-2: Ball
2-2: Foul Ball, location: 2F
2-2: Fly out, F3 (Popup, 34)
Top of the 5th over - 0 runs, 0 hits, 0 errors, 0 left on base; Chicago 2 - Gwinnett County 2
BOTTOM OF THE 5TH
Gwinnett County Black Cats batting - Pitching for Chicago Tula : RHP Andrew Prieto
Batting: LHB Víctor Sánchez 0-0: Ball
1-0: Ball
2-0: Called Strike
2-1: Ball
3-1: Foul Ball, location: 2F
3-2: Base on Balls
Batting: RHB Luc Bartoli Pickoff Throw to First - Error! E1
Víctor Sánchez to second
0-0: Intentional Walk
Batting: RHB Chang-lit Min 0-0: Called Strike
0-1: Ball
1-1: Bunted foul
1-2: SINGLE (Line Drive, 8RS)
Víctor Sánchez to third
Luc Bartoli to second
Pitching: LHP Jeff Enamorado
Batting: RHB Bill Wilson 0-0: Ball
1-0: Swinging Strike
1-1: Ball
2-1: Grounds into fielders choice 5-2 (Groundball, 56)
Luc Bartoli to third
Chang-lit Min to second
Batting: LHB Marvello Obra 0-0: Ball
1-0: Ball
2-0: Called Strike
2-1: Grounds into fielders choice 6-2 (Groundball, 56)
Chang-lit Min to third
Bill Wilson to second
Batting: RHB Elder Sarrano 0-0: Called Strike
0-1: Ball
1-1: Foul Ball, location: 2F
1-2: Foul Ball, location: 2F
1-2: Ground out U3 (Groundball, 3)
Bottom of the 5th over - 0 runs, 1 hit, 1 error, 3 left on base; Chicago 2 - Gwinnett County 2
TOP OF THE 6TH
Chicago Tula batting - Pitching for Gwinnett County Black Cats : LHP Ricardo Fraga
Batting: RHB Santiago Valentín 0-0: Swinging Strike
0-1: DOUBLE (Flyball, 89D)
Batting: RHB Jesús Recesvinto 0-0: Ground out 5-3 (Groundball, 56)
Batting: RHB Syed Sarkar 0-0: Ball
1-0: Foul Ball, location: 2F
1-1: Foul Ball, location: 2F
1-2: Ball
2-2: Fly out, F7 (Flyball, 7LSF)
Batting: RHB Norm Chodorow 0-0: Called Strike
0-1: Ball
1-1: Called Strike
1-2: Strikes out swinging
Top of the 6th over - 0 runs, 1 hit, 0 errors, 1 left on base; Chicago 2 - Gwinnett County 2
BOTTOM OF THE 6TH
Gwinnett County Black Cats batting - Pitching for Chicago Tula : LHP Jeff Enamorado
Batting: RHB Sidney Mackell 0-0: Called Strike
0-1: Ball
1-1: Foul Ball, location: 2F
1-2: Ball
2-2: Foul Ball, location: 2F
2-2: Ball
3-2: SINGLE (Line Drive, 34D)
Batting: LHB Ramón Vega 0-0: Sac Bunt - play at first, batter OUT! 2-4
Sidney Mackell to second
Batting: RHB Manuel Barrios 0-0: Foul Ball, location: 2F
0-1: Foul Ball, location: 2F
0-2: Strikes out looking
Batting: LHB Víctor Sánchez 0-0: Foul Ball, location: 2F
0-1: Called Strike
0-2: Fly out, F7 (Flyball, 7D)
Bottom of the 6th over - 0 runs, 1 hit, 0 errors, 1 left on base; Chicago 2 - Gwinnett County 2
TOP OF THE 7TH
Chicago Tula batting - Pitching for Gwinnett County Black Cats : LHP Ricardo Fraga
Batting: LHB Benny Cooke 0-0: Ball
1-0: Ball
2-0: Ball
3-0: Called Strike
3-1: Foul Ball, location: 2F
3-2: Base on Balls
Batting: RHB Otton Dis 0-0: Sac Bunt - play at first, batter OUT! 2-4
Benny Cooke to second
Batting: SHB Augusto Trejo 0-0: Intentional Walk
Pinch Hitting: RHB Carlos Rúbio 0-0: Ball
Benny Cooke steals 3rd base
Augusto Trejo to second
1-0: Intentional Walk
Batting: RHB Wes Griffith 0-0: Ball
1-0: Called Strike
1-1: SINGLE (Groundball, 56D)
Benny Cooke scores
Augusto Trejo to third
Carlos Rúbio to second
Runner from 3rd tries for Home, SAFE, no throw
Batting: RHB Santiago Valentín 0-0: Called Strike
0-1: SINGLE (Groundball, 56D)
Carlos Rúbio to third
Wes Griffith to second
Batting: RHB Jesús Recesvinto 0-0: Ball
1-0: Called Strike
1-1: Called Strike
1-2: Fly out, F8 (Flyball, 8RS)
Batting: RHB Syed Sarkar 0-0: Ball
1-0: Called Strike
1-1: Ball
2-1: Called Strike
2-2: Ball
3-2: Strikes out swinging
Top of the 7th over - 2 runs, 2 hits, 0 errors, 3 left on base; Chicago 4 - Gwinnett County 2
BOTTOM OF THE 7TH
Gwinnett County Black Cats batting - Pitching for Chicago Tula : LHP Jeff Enamorado
Now at 1B: Raphaël Duval
Now at 3B: Mark Sawyer
Now in LF: Phil Oostermeer
Batting: RHB Luc Bartoli 0-0: Called Strike
0-1: Foul Ball, location: 2F
0-2: Ball
1-2: Ball
2-2: Foul Ball, location: 2F
2-2: Foul Ball, location: 2F
2-2: Ball
3-2: Strikes out looking
Batting: RHB Chang-lit Min 0-0: Ball
1-0: Foul Ball, location: 2F
1-1: Called Strike
1-2: Ball
2-2: Foul Ball, location: 2F
2-2: Strikes out swinging
Batting: RHB Bill Wilson 0-0: Ball
1-0: Swinging Strike
1-1: Swinging Strike
1-2: Fly out, F8 (Flyball, 89S)
Bottom of the 7th over - 0 runs, 0 hits, 0 errors, 0 left on base; Chicago 4 - Gwinnett County 2
TOP OF THE 8TH
Chicago Tula batting - Pitching for Gwinnett County Black Cats : LHP Ricardo Fraga
Batting: RHB Norm Chodorow 0-0: Ball
1-0: Ball
2-0: Called Strike
2-1: Called Strike
2-2: Ball
3-2: Foul Ball, location: 2F
3-2: Foul Ball, location: 2F
3-2: Strikes out looking
Pitching: RHP Jeff Greer
Batting: LHB Benny Cooke 0-0: Ball
1-0: Foul Ball, location: 2F
1-1: Ball
2-1: Ball
3-1: Called Strike
3-2: Strikes out swinging
Batting: RHB Otton Dis 0-0: Ball
1-0: Ball
2-0: Ball
3-0: Called Strike
3-1: Foul Ball, location: 2F
3-2: Strikes out swinging
Top of the 8th over - 0 runs, 0 hits, 0 errors, 0 left on base; Chicago 4 - Gwinnett County 2
BOTTOM OF THE 8TH
Gwinnett County Black Cats batting - Pitching for Chicago Tula : LHP Jeff Enamorado
Now at C: Guo-fang Ni
Batting: LHB Marvello Obra 0-0: Foul Ball, location: 2F
0-1: Called Strike
0-2: Fly out, F5 (Popup, 5F)
Batting: RHB Elder Sarrano 0-0: Called Strike
0-1: Foul Ball, location: 2F
0-2: Ball
1-2: Strikes out swinging
Batting: RHB Sidney Mackell 0-0: Called Strike
0-1: Foul Ball, location: 2F
0-2: Ball
1-2: Strikes out looking
Bottom of the 8th over - 0 runs, 0 hits, 0 errors, 0 left on base; Chicago 4 - Gwinnett County 2
TOP OF THE 9TH
Chicago Tula batting - Pitching for Gwinnett County Black Cats : RHP Jeff Greer
Batting: SHB Augusto Trejo 0-0: Ball
1-0: Called Strike
1-1: Ball
2-1: Called Strike
2-2: Foul Ball, location: 2F
2-2: DOUBLE (Flyball, 8LD)
Batting: RHB Mark Sawyer 0-0: Called Strike
0-1: Foul Ball, location: 2F
0-2: Foul Ball, location: 2F
0-2: Ball
1-2: Strikes out swinging
Batting: RHB Wes Griffith 0-0: Called Strike
0-1: Foul Ball, location: 2F
0-2: Ball
1-2: Ground out 1-3 (Groundball, 13S)
Augusto Trejo to third
Batting: RHB Santiago Valentín 0-0: Called Strike
0-1: Foul Ball, location: 2F
0-2: Strikes out swinging
Top of the 9th over - 0 runs, 1 hit, 0 errors, 1 left on base; Chicago 4 - Gwinnett County 2
BOTTOM OF THE 9TH
Gwinnett County Black Cats batting - Pitching for Chicago Tula : LHP Jeff Enamorado
Pitching: LHP Raúl Romero
Batting: LHB Ramón Vega 0-0: SINGLE (Line Drive, 4D)
Batting: RHB Manuel Barrios 0-0: Ball
1-0: Ball
2-0: Foul Ball, location: 2F
2-1: Fly out, F8 (Line Drive, 8RM)
Batting: LHB Víctor Sánchez 0-0: Called Strike
0-1: Ball
1-1: Ball
2-1: Grounds into double play, 6-4-3 (Groundball, 6)
Bottom of the 9th over - 0 runs, 1 hit, 0 errors, 0 left on base; Chicago 4 - Gwinnett County 2
Tuesday, December 19th, 2017 - OOTP Baseball 18.8 Build 76